 Dungeon Crawl Stone Soup version 0.29.0-4-gdea44cf6ec (webtiles) character file.

Game seed: 11403310985796073725

80 qw the Chopper (level 4, -4/39 HPs)
             Began as a Minotaur Berserker on Sept 9, 2022.
             Was a Believer of Trog.
             Slain by an iron imp (10 damage)
             ... summoned by Natasha
             ... on level 2 of the Dungeon.
             The game lasted 00:00:25 (1219 turns).

qw the Chopper (Minotaur Berserker)                 Turns: 1219, Time: 00:00:26

Health: -4/39      AC:  2    Str: 23    XL:     4   Next: 18%
Magic:  3/3        EV: 12    Int:  4    God:    Trog [**....]
Gold:   102        SH:  0    Dex: 10    Spells: 3/3 levels left

rFire   . . .      SeeInvis .   Y - +1 hand axe
rCold   . . .      Faith    .   (no shield)
rNeg    . . .      Spirit   .   b - +0 animal skin
rPois   .          Reflect  .   (helmet restricted)
rElec   .          Harm     .   (no cloak)
rCorr   .          Rampage  .   (no gloves)
Will    .....                   (no boots)
Stlth   +.........              (no amulet)
HPRegen 0.13/turn               (no ring)
MPRegen 0.08/turn               (no ring)

@: on berserk cooldown, slowed, very slow
A: horns 2, retaliatory headbutt
a: Renounce Religion, Berserk, Trog's Hand


You were on level 2 of the Dungeon.
You worshipped Trog.
Trog was pleased with you.
You visited 1 branch of the dungeon, and saw 2 of its levels.

You collected 102 gold pieces.


Innate Abilities, Weirdness & Mutations

You have a pair of horns on your head.
You reflexively headbutt those who attack you in melee.


   Skills:
 - Level 3.6 Fighting
 + Level 6.1 Axes
 - Level 2.4 Armour
 - Level 2.1 Dodging


You had 3 spell levels left.
You didn't know any spells.
Your spell library was empty.

Inventory:

Hand Weapons
 g - a +1 whip of electrocution
 Y - a +1 hand axe (weapon)
Armour
 b - a +0 animal skin (worn)
 d - a +0 leather armour
 h - a +0 scale mail
 j - a +0 buckler
Scrolls
 a - a scroll of teleportation
Potions
 c - a potion of flight {unknown}
 e - a potion of curing {unknown}
 f - a potion of brilliance {unknown}
 i - a potion of haste {unknown}

Dungeon Overview and Level Annotations

Branches:
Dungeon (2/15)

Altars:

Annotations:
D:2 Natasha


Message History

Your Axes skill increases to level 6!
You have reached level 4!
You feel agile.
You start waiting.
You feel a strong urge to attack something.
You feel your anger nearly subside.
You are no longer berserk.
You are exhausted.
You feel yourself slow down.
HP restored.
Natasha, Servant of Life and Death comes into view.
1208 ||| Stepping ~*~*~tactically~*~*~ (hiding).
1209 ||| Stepping ~*~*~tactically~*~*~ (hiding).
You start waiting.
Natasha is nearby!
Natasha claws you.
Natasha wildly gestures.
Natasha glows brightly for a moment.
Natasha completely misses you. You furiously retaliate!
You headbutt Natasha! You hit Natasha.
Natasha is almost dead.
Natasha claws you!
You barely miss Natasha.
Natasha is almost dead.
Natasha claws you. x2
You barely miss Natasha.
Natasha is severely wounded.
Natasha claws you.
You barely miss Natasha.
Natasha is severely wounded.
Natasha claws you! Natasha barely misses you.
You barely miss Natasha. Your headbutt misses Natasha.
Natasha is severely wounded.
Natasha claws you.
You barely miss Natasha.
Natasha is severely wounded.
Natasha mumbles some strange words.
Natasha closely misses you. You furiously retaliate!
You headbutt Natasha, but do no damage. You closely miss Natasha.
Natasha is severely wounded.
You barely miss the iron imp. Natasha claws you! The iron imp hits you!
You die...

### #.........# .# .%####
###....#.##.####.# #....#
##..>..##.##.#....# ###..#
#.........#....... #...## ##
##.###.#..#........ #.### ...#..
#.#.>..#..# ..#
##....###....#.#..# .#####.#
#...#...###....## .##....#
#.%.@## #.....###### ....# #.#5h#
#..#...#...## ..<## #
...#....##.###.......# ..##
.))..###.#.##.# ##....... #.####
.#.#<.###.#....####.......
#....##.#.#..#...................
............ #.#......#...%.....#
......##.##. #.#.....)#.?.#.....#
##.....#<##. #.#......#...#......


You could see an iron imp (summoned) and Natasha.

Vanquished Creatures
  Natasha (twice) (D:2)
  A worm (D:2)
  2 dart slugs (D:1)
  2 ball pythons
  2 endoplasms
  5 hobgoblins
  2 jackals (D:1)
  A quokka (D:1)
  2 bats
  3 frilled lizards (D:1)
  A kobold (D:2)
  A rat (D:1)
24 creatures vanquished.

Notes
Turn   | Place    | Note
-------+----------+-------------------------------------------
     0 | D:1      | qw the Minotaur Berserker began the quest for the Orb.
     0 | D:1      | Reached XP level 1. HP: 19/19 MP: 0/0
     0 | D:1      | 0 ||| qw: Version: 0.1-a-113-g051387a
     0 | D:1      | 0 ||| qw: Game counter: 6902
     0 | D:1      | 0 ||| qw: Always use a shield: true
     0 | D:1      | 0 ||| qw: Do Orc after D:15 true
     0 | D:1      | 0 ||| qw: Do second Lair branch before Depths: true
     0 | D:1      | 0 ||| qw: Lair rune preference: random
     0 | D:1      | 0 ||| qw: Plans: Normal
     0 | D:1      | 0 ||| PLANNING D:1-11
    47 | D:1      | Reached skill level 4 in Axes
    81 | D:1      | 81 ||| Stepping ~*~*~tactically~*~*~ (hiding).
    91 | D:1      | Reached XP level 2. HP: 22/26 MP: 1/1
   569 | D:1      | 569 ||| READING scroll labelled KIFIALU URAYSU.
   570 | D:1      | 570 ||| READING scroll labelled YSUPSOETHER.
   571 | D:1      | 571 ||| READING scroll labelled ZOSASIN TALACE.
   572 | D:1      | 572 ||| READING scroll labelled CIALIR GYILU.
   576 | D:1      | 576 ||| DRINKING 2 sapphire potions.
   620 | D:1      | 620 ||| DRINKING 2 bubbling coppery potions.
   621 | D:1      | 621 ||| DROPPING potion of lignification.
   622 | D:1      | 622 ||| DROPPING potion of attraction.
   801 | D:2      | Found a faded altar of an unknown god.
   813 | D:2      | Reached ** piety under Trog
   823 | D:2      | 823 ||| DROPPING +0 club.
   832 | D:2      | Reached skill level 5 in Axes
   844 | D:2      | 844 ||| INVOKING Berserk.
   848 | D:2      | Reached XP level 3. HP: 31/31 MP: 2/2
   966 | D:2      | Noticed Natasha
   967 | D:2      | 967 ||| Stepping ~*~*~tactically~*~*~ (hiding).
  1069 | D:2      | 1069 ||| Stepping ~*~*~tactically~*~*~ (hiding).
  1072 | D:2      | 1072 ||| INVOKING Berserk.
  1077 | D:2      | Killed Natasha
  1198 | D:2      | Noticed Natasha
  1199 | D:2      | 1199 ||| Stepping ~*~*~tactically~*~*~ (hiding).
  1200 | D:2      | 1200 ||| Stepping ~*~*~tactically~*~*~ (hiding).
  1202 | D:2      | 1202 ||| INVOKING Berserk.
  1203 | D:2      | Killed Natasha
  1204 | D:2      | Reached skill level 6 in Axes
  1204 | D:2      | Reached XP level 4. HP: 39/39 MP: 3/3
  1207 | D:2      | Noticed Natasha
  1208 | D:2      | 1208 ||| Stepping ~*~*~tactically~*~*~ (hiding).
  1209 | D:2      | 1209 ||| Stepping ~*~*~tactically~*~*~ (hiding).
  1219 | D:2      | HP: 6/39 [Natasha (8)]
  1219 | D:2      | Slain by an iron imp

Levels and vault maps discovered:
D:1:      lemuel_arrival_funnel, layout_basic
D:2:      layout_rooms, hellmonk_ecumenical_altar_lost_god,
          minmay_snake_closets, uniq_terence, uniq_natasha

Skill      XL: |  1  2  3 |
---------------+----------+-----
Axes           | 4 5 6 |  6.1
Fighting       | |  3.6
Armour         | |  2.4
Dodging        | |  2.1

Action                   |  1- 3 |  4- 6 || total
-------------------------+-------+-------++-------
Melee: Hand axe          |    55 |     7 ||    62
       Headbutt          |     7 |       ||     7
Invok: Berserk           |     3 |       ||     3
  Use: Scroll            |     4 |       ||     4
       Potion            |     2 |       ||     2
Armor: Animal skin       |     8 |       ||     8
Dodge: Dodged            |    20 |     3 ||    23

Table legend:
 A = Non-vault XP
 B = Vault XP
 C = Vault XP percentage of total XP
 D = Non-vault monster count
 E = Vault monster count
 F = Vault count percentage of total count
                 A         B        C        D         E       F
            +---------+---------+-------+---------+---------+-------
      Total |      80 |      35 |  30.4 |      23 |       1 |   4.2
            +---------+---------+-------+---------+---------+-------
        D:1 |      27 |       0 |   0.0 |      14 |       0 |   0.0
        D:2 |      53 |      35 |  39.8 |       9 |       1 |  10.0
            +---------+---------+-------+---------+---------+-------
